Cogmind - Beta 9.3 @@@ ROGUE MODE // 2019.12.18 @ 09:23:29 // Winter2019/RPGLIKE Player: inSANE Result: Destroyed by P-60 Hacker with Shock Rifle Performance ------------- Evolutions (3) 1500 Regions Visited (6) 1200 Robots Destroyed (31) 155 Value Destroyed (941) 941 Prototype IDs (0) 0 Alien Tech Used (0) 0 Bonus (137) 137 TOTAL SCORE: 3933 Bonus ------- Follower Combat Kills 137 Cogmind --------- Core Integrity 0/800 Matter 293/300 Energy 240/240 System Corruption 2% Temperature Cool (0) Movement Rolling (100) Ox2 Location -7/Factory Parts ------- > --- POWER (1) -------- Nuclear Core > --- PROPULSION (2) --- Armored Treads Wheel > --- UTILITY (4) ------ Improved Heat Sink Targeting Computer Core Shielding Hardened Light Armor Plating > --- WEAPON (3) ------- Gatling Laser Light Assault Rifle Flak Cannon > --- INVENTORY (3) ---- Armored Treads Proton Missile Launcher Chainsword Peak State ------------ > --- POWER ------------ Nuclear Core > --- PROPULSION ------- Armored Treads Wheel > --- UTILITY ---------- Improved Heat Sink Improved Heat Sink Targeting Computer Medium Armor Plating > --- WEAPON ----------- Shock Rifle Heavy Laser Light Assault Rifle > --- INVENTORY -------- Armored Treads Grenade Launcher Chainsword [Rating: 24] Favorites ----------- Power Ion Engine Engine Ion Engine Power Core Nuclear Core Propulsion Wheel Treads Light Treads Wheel Wheel Utility Improved Heat Sink Device Improved Heat Sink Storage Medium Matter Pod Processor Targeting Computer Protection Hardened Light Armor Plating Weapon Light Assault Rifle Energy Gun Small Laser Ballistic Gun Light Assault Rifle Ballistic Cannon Flak Cannon Launcher Grenade Launcher Slashing Weapon Chainsword Build | -11 -10 -10 -10 -9 -8 -7 ------- Run | Scr Mat Min Exi Min Mat Fac Slots Evolved 6 | 3 . . 1 . 2 . Power . | . . . . . . . Propulsion 1 | 1 . . . . . . Utility 3 | 1 . . 1 . 1 . Weapon 2 | 1 . . . . 1 . Parts Attached 31 | 5 4 . 1 1 11 9 Power 2 | 1 . . . . 1 . Engine 1 | 1 . . . . . . Core 1 | . . . . . 1 . Reactor . | . . . . . . . Propulsion 4 | 2 . . . . 1 1 Treads 2 | 1 . . . . 1 . Leg . | . . . . . . . Wheel 2 | 1 . . . . . 1 Hover . | . . . . . . . Flight . | . . . . . . . Utility 11 | . 2 . 1 1 5 2 Device 6 | . 2 . . . 3 1 Storage 1 | . . . 1 . . . Processor 1 | . . . . 1 . . Hackware . | . . . . . . . Protection 3 | . . . . . 2 1 Artifact . | . . . . . . . Weapon 14 | 2 2 . . . 4 6 Energy Gun 7 | 1 . . . . 4 2 Energy Cannon . | . . . . . . . Ballistic Gun 2 | 1 1 . . . . . Ballistic Cannon 1 | . . . . . . 1 Launcher 2 | . 1 . . . . 1 Special Weapon . | . . . . . . . Impact Weapon . | . . . . . . . Slashing Weapon 2 | . . . . . . 2 Piercing Weapon . | . . . . . . . Special Melee Weapon . | . . . . . . . Unidentified Prototypes . | . . . . . . . Parts Lost . | . . . . . . . Power . | . . . . . . . Propulsion . | . . . . . . . Utility . | . . . . . . . Weapon . | . . . . . . . Highest Loss Streak . | . . . . . . . Average Slot Usage (%) 98 | . 86 100 92 100 99 100 Engine 7 | . 14 14 12 12 2 . Core 4 | . . . . . 7 10 Treads 11 | . 14 14 12 12 10 10 Wheel 11 | . 14 14 12 12 10 10 Device 21 | . 15 28 25 25 20 15 Storage 2 | . . . 4 7 . . Processor 5 | . . . . 4 10 10 Protection 5 | . . . . . 10 14 Energy Gun 13 | . 14 14 12 12 17 11 Ballistic Gun 11 | . 14 14 12 12 10 10 Slashing Weapon 1 | . . . . . . 4 Naked Turns . | . . . . . . . Heaviest Build 25 | 7 9 9 11 11 24 25 Greatest Support 20 | 10 20 20 10 20 20 20 Greatest Overweight (x) 2 | 1 . . 1 1 2 2 Average Overweight (x) . | . . . . . 1 1 Largest Inventory Capacity 3 | 3 3 3 3 3 3 3 Average Capacity 2 | 1 3 3 3 3 3 3 Most Carried 3 | 3 3 3 3 3 3 3 Average Carried 2 | 1 2 3 3 3 2 2 Final Capacity 3 | 3 3 3 3 3 3 3 Final Carried 3 | 3 3 3 3 3 3 3 Class Distribution -------------------- 76% | Mutant 11% | Tank 10% | Gunner Dominant Class ---------------- Mutant | -10/Materials Mutant | -10/Mines Mutant | -10/Exiles Mutant | -9/Mines Tank | -8/Materials Mutant | -7/Factory Resources | -11 -10 -10 -10 -9 -8 -7 ----------- Run | Scr Mat Min Exi Min Mat Fac Matter Collected 674 | 250 62 7 . 28 124 203 Remotely . | . . . . . . . Salvage Created 1034 | . 90 127 . . 523 294 Parts 49 | . 9 4 . 1 19 16 Haulers Intercepted 1 | . 1 . . . . . Recyclers Shooed 4 | . 1 1 . . 1 1 Parts Field Recycled . | . . . . . . . Retrieved Matter . | . . . . . . . Parts Self-Destructed . | . . . . . . . Prevented . | . . . . . . . Kills | -11 -10 -10 -10 -9 -8 -7 ------- Run | Scr Mat Min Exi Min Mat Fac Combat Hostiles Destroyed 23 | . 5 2 . 1 9 6 Guns 17 | . 3 2 . 1 9 2 AOE 6 | . 2 . . . . 4 Classes Destroyed 7 | . 3 1 . . 2 1 Worker 4 | . . . . . . 4 Hauler 1 | . 1 . . . . . Recycler 3 | . . 1 . . 1 1 Swarmer 7 | . 3 . . . . 4 Grunt 11 | . 2 2 . 1 6 . Duelist 1 | . . . . . 1 . Sentry 4 | . . . . . 2 2 Best Kill Streak 4 | . 4 3 . 1 3 4 Combat Bots Only 4 | . 3 2 . 1 3 4 Max Kills in Single Turn 2 | . 2 1 . 1 1 2 Gunslinging . | . . . . . . . Exploded 2 | . 2 . . . . 2 Melee . | . . . . . . . Uniques/NPCs Destroyed . | . . . . . . . Combat | -11 -10 -10 -10 -9 -8 -7 -------- Run | Scr Mat Min Exi Min Mat Fac Damage Taken 2074 | . 203 93 . 176 1211 391 Core 1651 | . 166 76 . 148 957 304 Absorbed by Shields . | . . . . . . . Redirected to Core 1452 | . 122 59 . 96 876 299 Core Remaining (%) 79 | 100 . . . 100 37 . Volleys Fired 100 | . 14 7 . 11 54 14 Largest 3 | . 2 2 . 2 3 3 Hottest 154 | . 60 60 . 60 154 144 Shots Fired 206 | . 26 14 . 20 118 28 Gun 195 | . 25 14 . 20 118 18 Cannon 7 | . . . . . . 7 Launcher 4 | . 1 . . . . 3 Special . | . . . . . . . Kinetic 97 | . 12 7 . 9 54 15 Thermal 99 | . 13 7 . 11 64 4 Explosive 4 | . 1 . . . . 3 Electromagnetic 6 | . . . . . . 6 Robot Hit Streak 29 | . 6 8 . 9 29 21 Robot Miss Streak 4 | . 2 1 . 1 4 4 Penetration Max . | . . . . . . . Secondary Targets 2 | . . . . . 2 . Max Gunslinging Chain 1 | . . . . . 1 . Shots Hit Robots 155 | . 18 12 . 16 83 26 Core Hits 75 | . 10 6 . 5 32 22 Critical Hits 2 | . . 1 . . 1 . Critical Kills . | . . . . . . . Critical Parts Destroyed 2 | . . 1 . . 1 . Melee Attacks 14 | . . . . . . 14 Impact . | . . . . . . . Slashing 14 | . . . . . . 14 Piercing . | . . . . . . . Sneak Attacks 6 | . . . . . . 6 Combat Hostiles . | . . . . . . . Follow-up Attacks . | . . . . . . . Damage Inflicted 2774 | . 299 102 . 159 1025 1189 Guns 1637 | . 153 102 . 159 1025 198 Cannons 122 | . . . . . . 122 Explosions 393 | . 146 . . . . 247 Melee 622 | . . . . . . 622 Ramming . | . . . . . . . Kinetic 611 | . 54 38 . 47 291 181 Thermal 1088 | . 99 64 . 112 734 79 Explosive 393 | . 146 . . . . 247 Electromagnetic 60 | . . . . . . 60 Impact . | . . . . . . . Slashing 622 | . . . . . . 622 Piercing . | . . . . . . . Highest Corruption 2 | . . . . . 1 2 Average Corruption 1 | . . . . . 1 1 Corruption Purged . | . . . . . . . Effects 8 | . . . . . 3 5 Message Errors 3 | . . . . . . 3 Targeting Errors 4 | . . . . . 3 1 Weapon Failures 1 | . . . . . . 1 Overload Shots . | . . . . . . . Overflow Damage 128 | . 8 . . . . 120 Projectiles . | . . . . . . . Explosions 8 | . 8 . . . . . Melee 120 | . . . . . . 120 Knockbacks 1 | . . . . . . 1 Impact . | . . . . . . . Kinetic 1 | . . . . . . 1 Secondary . | . . . . . . . Self-Inflicted Damage 50 | . 23 . . . . 27 Shots 2 | . 1 . . . . 1 Rammed . | . . . . . . . Targets Rammed . | . . . . . . . Kicked . | . . . . . . . Crushed . | . . . . . . . Highest Temperature 401 | . 56 . . . 401 144 Average Temperature 95 | . 25 . . . 123 52 Received Heat Transfer 738 | . 84 54 . 96 486 18 Siege Activations . | . . . . . . . Robots Corrupted . | . . . . . . . Combat Hostiles . | . . . . . . . Parts Fried . | . . . . . . . Impact Corruptions . | . . . . . . . Robots Melted . | . . . . . . . Combat Hostiles . | . . . . . . . Parts Melted 2 | . . . . . 2 . Heat Transferred 2357 | . 225 150 . 250 1557 175 Parts Sabotaged . | . . . . . . . Parts Stolen . | . . . . . . . Parts Stripped . | . . . . . . . Power Chain Reactions . | . . . . . . . Missiles Intercepted . | . . . . . . . Alert | -11 -10 -10 -10 -9 -8 -7 ------- Run | Scr Mat Min Exi Min Mat Fac Peak Influence 246 | . 156 123 . 75 246 225 Average Influence 72 | . 60 106 . 44 85 85 Maximum Alert Level 1 | . . . . . 1 1 Low Security (%) 96 | 100 100 100 . 100 95 91 Level 1 3 | . . . . . 4 8 Level 2 . | . . . . . . . Level 3 . | . . . . . . . Level 4 . | . . . . . . . Level 5 . | . . . . . . . High Security . | . . . . . . . Max Security . | . . . . . . . Squads Dispatched 5 | . 3 . . . . 2 Investigation 1 | . . . . . . 1 Extermination 1 | . . . . . . 1 Reinforcement 3 | . 3 . . . . . Assault . | . . . . . . . Garrison . | . . . . . . . Intercept . | . . . . . . . Construction Impeded . | . . . . . . . Haulers Reinforced . | . . . . . . . Stealth | -11 -10 -10 -10 -9 -8 -7 --------- Run | Scr Mat Min Exi Min Mat Fac Distress Signals 1 | . . . . . 1 . Communications Jammed . | . . . . . . . Distress Signals . | . . . . . . . Times Spotted 47 | . 9 2 . 8 18 10 Peak Tracking Total 5 | . 4 2 . 3 5 4 Tactical Retreats 6 | . 1 . . . 4 1 Traps | -11 -10 -10 -10 -9 -8 -7 ------- Run | Scr Mat Min Exi Min Mat Fac Traps Triggered 2 | . . . . . 1 1 Indirectly . | . . . . . . . Trap Hack Attempts . | . . . . . . . Triggered . | . . . . . . . Disarmed . | . . . . . . . Reprogrammed . | . . . . . . . Reused . | . . . . . . . Traps Extracted . | . . . . . . . Installed . | . . . . . . . Triggered . | . . . . . . . Machines | -11 -10 -10 -10 -9 -8 -7 ---------- Run | Scr Mat Min Exi Min Mat Fac Machines Disabled 5 | . . . . . . 5 Max in Single Turn 5 | . . . . . . 5 Machines Sabotaged . | . . . . . . . Garrisons Compromised . | . . . . . . . Overloaded Fab Kills . | . . . . . . . Fab Network Shutdowns . | . . . . . . . Hacking | -11 -10 -10 -10 -9 -8 -7 --------- Run | Scr Mat Min Exi Min Mat Fac Machines Accessed 7 | . 1 . . 1 2 3 Terminals 6 | . 1 . . . 2 3 Fabricators . | . . . . . . . Repair Stations . | . . . . . . . Recycling Units . | . . . . . . . Scanalyzers . | . . . . . . . Garrison Access . | . . . . . . . Total Hacks 22 | . 4 . . 1 7 10 Successful 13 | . 3 . . 1 4 5 Failed 9 | . 1 . . . 3 5 Catastrophic 1 | . . . . . 1 . Database Lockouts . | . . . . . . . Manual 18 | . 2 . . . 6 10 Terminals 21 | . 4 . . . 7 10 Fabricators . | . . . . . . . Repair Stations . | . . . . . . . Recycling Units . | . . . . . . . Scanalyzers . | . . . . . . . Garrison Access . | . . . . . . . Terminal Hacks 7 | . 2 . . 1 2 2 Open Door 1 | . . . . 1 . . Branch Access Points 2 | . . . . . 1 1 Unreport Threat 2 | . . . . . 1 1 Dispatch Records 1 | . 1 . . . . . Hauler Manifests 1 | . 1 . . . . . Fabricator Hacks . | . . . . . . . Repair Station Hacks . | . . . . . . . Recycling Unit Hacks . | . . . . . . . Scanalyzer . | . . . . . . . Garrison Access Hacks . | . . . . . . . Unauthorized Hacks 15 | . 2 . . . 4 9 Terminals 6 | . 1 . . . 2 3 Botnet 6 | . 1 . . . 2 3 Fabricators . | . . . . . . . Repair Stations . | . . . . . . . Recycling Units . | . . . . . . . Scanalyzers . | . . . . . . . Garrison Access . | . . . . . . . Data Cores Recovered 1 | . . . . . . 1 Used 1 | . . . . . . 1 Hacking Detections 5 | . 1 . . . 2 2 Full Trace Events 1 | . . . . . . 1 Feedback Events 1 | . . . . . . 1 Corruption 1 | . . . . . . 1 Feedback Blocked . | . . . . . . . Robot Schematics Acquired . | . . . . . . . Robots Built . | . . . . . . . Matter . | . . . . . . . Time . | . . . . . . . Total Robot Build Rating . | . . . . . . . Part Schematics Acquired . | . . . . . . . Parts Built . | . . . . . . . Matter . | . . . . . . . Time . | . . . . . . . Total Part Build Rating . | . . . . . . . Parts Repaired . | . . . . . . . Time . | . . . . . . . Parts Recycled . | . . . . . . . Recycled Matter . | . . . . . . . Retrieved Matter . | . . . . . . . Retrieved Components . | . . . . . . . Parts Scanalyzed . | . . . . . . . Part Schematics Acquired . | . . . . . . . Parts Damaged . | . . . . . . . Bothacking | -11 -10 -10 -10 -9 -8 -7 ------------ Run | Scr Mat Min Exi Min Mat Fac Used RIF Installer . | . . . . . . . Robots Hacked . | . . . . . . . Non-combat . | . . . . . . . Combat . | . . . . . . . Robot Hacks Applied . | . . . . . . . Relay Couplers Released . | . . . . . . . Robots Rewired . | . . . . . . . Allies Hacked . | . . . . . . . Hacks Repelled . | . . . . . . . Allies | -11 -10 -10 -10 -9 -8 -7 -------- Run | Scr Mat Min Exi Min Mat Fac Total Allies 5 | . . 3 . 2 . . Largest Group 3 | . . 3 3 3 2 . Highest-Rated Group 62 | . . 40 40 62 46 . Highest-Rated Ally 31 | . . 16 16 31 31 . Total Orders . | . . . . . . . Ally Attacks 30 | . . 2 . 24 4 . Total Damage 487 | . . 26 . 417 44 . Kills 6 | . . . . 6 . . Allies Corrupted . | . . . . . . . Allies Melted . | . . . . . . . Intel | -11 -10 -10 -10 -9 -8 -7 ------- Run | Scr Mat Min Exi Min Mat Fac Robot Analysis Total . | . . . . . . . Derelict Logs Recovered 3 | . . 1 . 2 . . Drone Launches . | . . . . . . . Drone Recoveries . | . . . . . . . Exploration | -11 -10 -10 -10 -9 -8 -7 ------------- Run | Scr Mat Min Exi Min Mat Fac Turns Passed 2621 | 60 229 337 152 675 562 606 Spaces Moved 1957 | 63 169 317 146 522 307 433 Core 3 | 3 . . . . . . Treads 249 | . 25 11 . 158 22 33 Legs . | . . . . . . . Wheels 1705 | 60 144 306 146 364 285 400 Hover . | . . . . . . . Flight . | . . . . . . . Fastest Speed 50 | 50 80 80 80 80 80 100 Average Speed 99 | 79 91 82 81 111 104 106 Slowest Speed 190 | 100 160 160 90 160 180 190 Overloaded Moves . | . . . . . . . Propulsion Burnouts . | . . . . . . . Robots Hopped . | . . . . . . . Cave-ins Triggered . | . . . . . . . Exploration Rate (%) 40 | 5 33 55 49 99 29 14 Regions Visited 6 Branch Regions 3 Pre-discovered Areas 2 | . . . . 2 . . Known Exits Taken 2 | . . . 1 . 1 . Unknown Exits Taken 4 | 1 1 1 . 1 . . Scrap Searched 3 | . . . . 3 . . Spaces Dug 14 | . . . . . . 14 Terrain Destroyed 39 | . 7 . . . . 32 Melee 8 | . . . . . . 8 Projectile . | . . . . . . . AOE 31 | . 7 . . . . 24 Actions | -11 -10 -10 -10 -9 -8 -7 --------- Run | Scr Mat Min Exi Min Mat Fac Total 2431 | 70 218 378 177 598 457 533 Wait 261 | . 23 49 31 52 51 55 Move 1951 | 62 168 316 145 521 306 433 Hop . | . . . . . . . Pick Up 9 | 3 1 . . 1 2 2 Fast Attach 16 | 5 2 . 1 1 6 1 Attach 1 | . . . . . 1 . Detach 2 | . . . . . 2 . Swap 14 | . 2 . . . 4 8 Drop 18 | . 1 . . 2 9 6 Fire 100 | . 14 7 . 11 54 14 Melee 14 | . . . . . . 14 Ram . | . . . . . . . Kick . | . . . . . . . Crush . | . . . . . . . Escape Stasis . | . . . . . . . Rewire . | . . . . . . . Trap . | . . . . . . . Miscellaneous 45 | . 7 6 . 10 22 . Route ------- -11/Scrapyard -10/Materials (discovered 2 exits: [*Min x2]) -10/Mines (discovered 2 exits: [*Mat] / [*Exi]) -10/Exiles (discovered 2 exits: *Min x2) -9/Mines (discovered 2 exits: *Mat x2) -8/Materials (discovered 3 exits: *Fac x2 / *Sto) -7/Factory (discovered 2 exits: *Low x2) History --------- Turn | Location | Event 18 | -11/Scrapyard | Discovered new exit (range 15) 32 | -11/Scrapyard | Upgraded with Propulsion slot (x1) 32 | -11/Scrapyard | Upgraded with Utility slot (x1) 32 | -11/Scrapyard | Upgraded with Weapon slot (x1) 61 | -11/Scrapyard | Entered Materials 66 | -10/Materials | Discovered new exit (range 7) 215 | -10/Materials | Discovered new exit (range 15) 290 | -10/Materials | Entered Mines 295 | -10/Mines | Discovered new exit (range 7) 314 | -10/Mines | Build established: Mutant 329 | -10/Mines | Assisted by bots powering up and referring to "LRC-V3" 452 | -10/Mines | Assembled infested the area 581 | -10/Mines | Discovered new exit (range 5) 627 | -10/Mines | Entered Exiles 627 | -10/Exiles | Accompanied by 3 allies 628 | -10/Exiles | Identified exit to Mines 629 | -10/Exiles | Reached level 2 632 | -10/Exiles | Upgraded with Utility slot (x1) 648 | -10/Exiles | Met 8R-AWN 660 | -10/Exiles | Met EX-HEX 692 | -10/Exiles | Met EX-DEC 779 | -10/Exiles | Entered Mines 779 | -9/Mines | Accompanied by 3 allies 852 | -9/Mines | Discovered new exit (range 9) 858 | -9/Mines | Learned location of Storage (-8) 1161 | -9/Mines | Met a Derelict who couldn't figure out how to use a Trap Extractor 1196 | -9/Mines | Joined a pair of Derelicts in attacking an 0b10 outpost 1317 | -9/Mines | Discovered new exit (range 12) 1454 | -9/Mines | Entered Materials 1454 | -8/Materials | Accompanied by 2 allies 1455 | -8/Materials | Identified exit to Factory 1456 | -8/Materials | Reached level 3 1459 | -8/Materials | Led the pair of lost Derelicts to an unsafe place 1459 | -8/Materials | Upgraded with Utility slot (x1) 1493 | -8/Materials | Reached level 4 1591 | -8/Materials | Upgraded with Weapon slot (x1) 1661 | -8/Materials | Discovered new exit (range 14) 1839 | -8/Materials | Identified exit to Storage 1914 | -8/Materials | Core integrity fell below 50% 1939 | -8/Materials | Core integrity fell below 20% 1976 | -8/Materials | Discovered exit to Factory (range 11) 2016 | -8/Materials | Entered Factory 2017 | -7/Factory | Core integrity fell below 50% 2018 | -7/Factory | Reached level 5 2117 | -7/Factory | Reached level 6 2158 | -7/Factory | Core integrity fell below 20% 2174 | -7/Factory | Identified exit to Lower Caves 2622 | -7/Factory | Destroyed by P-60 Hacker with Shock Rifle Last Messages --------------- 02408_ Y-54 Guardian destroyed. 02425_ Acquired 52 matter. 02427_ Dropped Imp. Heat Sink. 02429_ Dropped Shock Rifle. 02431_ Upgraded: KI Resistance % (+5) 02431_ Upgraded: TH Resistance % (+5) 02431_ Upgraded: EX Resistance % (+5) 02432_ Acquired 16 matter. 02453_ Y-54 Guardian destroyed. 02456_ Acquired 18 matter. 02487_ R-06 Scavenger collects Imp. Heat Sink. 02487_ R-06 Scavenger destroyed. 02492_ Acquired 7 matter. 02509_ R-06 Scavenger collects Lgt. Treads. 02512_ R-06 Scavenger collects Imp. Heat Sink. 02516_ ALERT: Rogue bot located, Programmers report to Factory Zone 8Y. 02525_ IJ7JUIMCEY653ZRJAG6NI 02556_ Dropped Grenade Launcher. 02556_ Acquired Proton Missile Launcher. 02615_ R-06 Scavenger knocked back. Map ----- +----------------------------------------------------+ | " " """" ## # !==#?"""" !![ ! #??????? | | """" ## #[ !==#?"""" ![[ #??????? | | ! """" # # #?"""" ![! !#??????? | | # + """ # """" ! #??????? | | ! + # """ # !=! #??????? | | # ###### """ #########+########??????? | | ########### ###??# #???# !%=%[ #?????????? | | ????????# ############## #?????????? | | ######### #?????????? | | T #?????????? | | "" >* #?????????? | | [ #?????????? | | ###### #?????????? | | #????# ############## #?????????? | | #????#########????????????# #?????????? | | #?????????????????????????## ##########?? | | #???????####################r # ?? | | ??????? # """ """ | | ?????? # """ """ | | ???? ^ + """ """ | | ???? # | | ??? # """ """ ! | | ??? # """ """ | | #### ???? # """ """ | | ????????????????##########p############ | | ??????????????????# @ #??# """ """ | | ??????????????????# #??# """ R" | | ??????????????????# #??# """ """ | | ??????????????????# """"""" #??#= | | ??????????????????# """"""" #??############ | | ??????????????????# """"""" #?????????????? | | ??????????????????# """"""" #?????????????? | | ??????????????????# ] #?????????????? | | ??????????????????# #?????????????? | | ??????????????????##################?????????????? | | ?????????????????????????????????????????????????? | | ?????????????????????????????????????????????????? | | ?????????????????????????????????????????????????? | | ?????????????????????????????????????????????????? | | ?????????????????????????????????????????????????? | | ?????????????????????????????????????????????????? | | ?????????????????????????????????????????????????? | | ?????????????????????????????????????????????????? | | ?????????????????????????????????????????????????? | | ?????????????????????????????????????????????????? | | ?????????????????????????????????????????????????? | | ?????????????????????????????????????????????????? | | ?????????????????????????????????????????????????? | | ?????????????????????????????????????????????????? | | ?????????????????????????????????????????????????? | +----------------------------------------------------+ Best States ------------- Heat Dissipation 53 Energy Generation 14 Energy Capacity 250 Matter Stores 400 Matter Capacity 400 Sight Range 16 Terrain Scan Density 10 ECM Strength 2 Armor Coverage 225 Resistance: KI 10 Resistance: TH 10 Resistance: EX 10 Core Shielding 20 Evasion (%) 44 Targeting Accuracy 5 Recoil Reduction 1 Item Schematics ----------------- None Robot Schematics ------------------ None Fabricated ------------ Nothing Alien Tech Used ----------------- None Achievements -------------- None Challenges ------------ None RPGLIKE | -11 -10 -10 -10 -9 -8 -7 --------- Run | Scr Mat Min Exi Min Mat Fac Levels Raised 5 | . . . 1 . 2 2 XP Earned 11381 | 3000 635 790 200 1346 2685 2725 XP Spent 9610 | 3000 . . 1410 . 2800 2400 Upgrades 24 | 6 . . 8 . 4 6 Propulsion Slot 1 | 1 . . . . . . Utility Slot 3 | 1 . . 1 . 1 . Weapon Slot 2 | 1 . . . . 1 . Core Integrity 4 | . . . 4 . . . Inventory Capacity 3 | 3 . . . . . . Ranged Accuracy 2 | . . . . . 2 . KI Resistance % 2 | . . . 1 . . 1 TH Resistance % 2 | . . . 1 . . 1 EX Resistance % 2 | . . . 1 . . 1 KI Damage % 3 | . . . . . . 3 Protomatter Created 381 | . 100 51 . 46 158 26 Integrity Restored 943 | . 141 129 . 201 472 . Core 849 | . 113 129 . 148 459 . Parts 94 | . 28 . . 53 13 . Protomatter Decayed 278 | . 3 151 . 124 . . Game ------ Seed TerrabombArcPenetrator Manual? 0 Play Time 00:51:33 Cumulative 283.3 hours Start 2019.12.18 @ 08:16:32 End 2019.12.18 @ 09:23:29 Sessions 1 Manual Loads 0 Difficulty Rogue Special Mode Winter2019/RPGLIKE Game No. 155 Rogue 155 Adventurer 0 Explorer 0 Win Type - Total 4 Types 4/0/0/0/0/0/0 Lore% 70 Gallery% 76 Achievement% 53 Wizard Run 0 Options --------- ASCII 0 Keyboard 1 Movement Numpad Keybinds 1 Fullscreen 1 Font 18/SmallcapsGlow Map View 76x50 Tactical HUD 1 Map Filters NONE Filters NONE Steam 1 RUN: d1ab0595-a817-4287-a937-9d16567087a6